 Dungeon Crawl Stone Soup version 0.21-a0-538-gd16b88a (webtiles) character file.

9 Gorice the Covered (level 2, -2/22 HPs)
             Began as a Demonspawn Wanderer on Dec 15, 2017.
             Slain by a hobgoblin
             ... wielding a +0 club
              (5 damage)
             ... on level 1 of the Dungeon.
             The game lasted 00:01:08 (293 turns).

Gorice the Covered (Demonspawn Wanderer)             Turns: 293, Time: 00:01:09

Health: -2/22      AC:  2    Str: 11    XL:     2   Next: 6%
Magic:  3/3        EV: 12    Int: 13    God:
Gold:   0          SH:  0    Dex: 13    Spells: 1/1 levels left

rFire    . . .     SeeInvis .   b - +0 mace
rCold    . . .     Gourm    .   (no shield)
rNeg     . . .     Faith    .   d - +0 robe
rPois    .         Spirit   .   (no helmet)
rElec    .         Reflect  .   (no cloak)
rCorr    .         Harm     .   (no gloves)
MR       .....                  (no boots)
Stlth    +.........             (no amulet)
HPRegen  0.07/turn              (no ring)
MPRegen  0.08/turn              (no ring)

@: no status effects
A: hooves 1
a: no special abilities


You were on level 1 of the Dungeon.
You were not hungry.

You visited 1 branch of the dungeon, and saw 1 of its levels.

Inventory:

Hand Weapons
 b - a +0 mace (weapon)
Missiles
 Y - 29 stones (quivered)
Armour
 d - a +0 robe (worn)
Scrolls
 h - a scroll of identify {unknown}
 i - a scroll of random uselessness {unknown}
Potions
 c - a potion of lignification {!q}
 e - a potion of curing {unknown}
Miscellaneous
 a - a fan of gales
Comestibles
 f - a bread ration {!e}
 g - 2 chunks of flesh


   Skills:
 - Level 2.0 Fighting
 * Level 2.0 Maces & Flails
 - Level 2.6 Armour
 - Level 1.7 Dodging
 - Level 2.0 Evocations


You had one spell level left.
You didn't know any spells.

Dungeon Overview and Level Annotations

Branches:
Dungeon (1/15)

Altars:


Innate Abilities, Weirdness & Mutations

You have large cloven feet.


Message History

The kobold misses you. The kobold barely misses you.
You hit the kobold but do no damage. You kick the kobold.
You kill the kobold!
Your Maces & Flails skill increases to level 2!
You see here a club.
i - a scroll labeled PAUMIW SIFULONAPPO A hobgoblin comes into view.
It is wielding a club.
The hobgoblin shouts!
The hobgoblin hits you with a club.
Damage: 2 (max 2)
You completely miss the hobgoblin. Your kick misses the hobgoblin.
The hobgoblin hits you with a club.
Damage: 1 (max 2)
You hit the hobgoblin but do no damage. The hobgoblin hits you with a club.
Some of the chunks of flesh in your inventory have rotted away.
Damage: 1 (max 2)
You hit the hobgoblin. Your kick misses the hobgoblin.
The hobgoblin is severely wounded.
The hobgoblin hits you with a club.
* * * LOW HITPOINT WARNING * * *
Damage: 4 (max 4)
You are too injured to fight recklessly!
You are too injured to fight recklessly!
You are too injured to fight recklessly!
Unknown command.
You barely miss the hobgoblin.
The hobgoblin is severely wounded.
The hobgoblin misses you. The hobgoblin completely misses you.
You barely miss the hobgoblin.
The hobgoblin is severely wounded.
The hobgoblin hits you with a club.
* * * LOW HITPOINT WARNING * * *
Damage: 4 (max 4)
You hit the hobgoblin but do no damage.
The hobgoblin is severely wounded.
The hobgoblin hits you with a club.
* * * LOW HITPOINT WARNING * * *
Damage: 5 (max 5) Unknown command.
You enter a teleport trap!
The teleport trap disappears.
Your surroundings suddenly seem different.
A frilled lizard and a goblin come into view.
The frilled lizard hisses angrily.
The goblin shouts!
Found a robe, 16 stones and a bread ration.
Some of the chunks of flesh in your inventory have rotted away.
The hobgoblin shouts!
The hobgoblin closely misses you. The hobgoblin barely misses you.
The hobgoblin hits you with a club.
You die...

#.#. #.#.## ###
#.#...# ##..
#.#....#####.##
#l##..........###
#.###..<.####....
######..##.....# ###..
#....gg..####.## ###
#....@.#....##########
#......####...........
#......####..#########
#.....................
#...............#.#...
#...........>...#)#...
#####...........#.#...
..............#.#...
...............#.#...


You could see a hobgoblin, a goblin and a frilled lizard.

Vanquished Creatures
  A leopard gecko (D:1)
  A goblin (D:1)
  3 jackals (D:1)
  A kobold (D:1)
  A bat (D:1)
7 creatures vanquished.

Notes
Turn   | Place    | Note
-------+----------+-------------------------------------------
     0 | D:1      | Gorice the Demonspawn Wanderer began the quest for the Orb.
     0 | D:1      | Gorice set off with: a fan of gales, a +0 mace, a potion of lignification {!q}, a +0 robe, a bread ration {!e}
     0 | D:1      | Reached XP level 1. HP: 16/16 MP: 2/2
   202 | D:1      | Gained mutation: You have large cloven feet. [demonic ancestry]
   202 | D:1      | Reached XP level 2. HP: 15/22 MP: 3/3
   225 | D:1      | Reached skill level 2 in Maces & Flails
   260 | D:1      | HP: 6/22 [hobgoblin/club (5)]
   261 | D:1      | HP: 1/22 [hobgoblin/club (5)]
   293 | D:1      | Slain by a hobgoblin

Vault maps used:
D:1:      dpeg_arrival_arbitrary_a

Skill      XL: |  1  2 |
---------------+-------+-----
Maces & Flails | 2 |  2.0
Fighting       | |  2.0
Armour         | |  2.6
Dodging        | |  1.7
Evocations     | |  2.0

Action                   || total
-------------------------++-------
Melee: Mace              ||    32
       Kick              ||     2
Armor: Robe              ||     8
Dodge: Dodged            ||    30

Table legend:
 A = Spawn XP
 B = Non-spawn XP
 C = Spawn XP percentage of total XP
 D = Spawn monster count
 E = Non-spawn monster count
 F = Spawn count percentage of total count
 G = Total turns spent on level
                    A         B        C        D         E        F      G
               +---------+---------+-------+---------+---------+-------+---------
         Total |       0 |      14 |   0.0 |       0 |       7 |   0.0 |   293
               +---------+---------+-------+---------+---------+-------+---------
           D:1 |       0 |      14 |   0.0 |       0 |       7 |   0.0 |   293
               +---------+---------+-------+---------+---------+-------+---------

Table legend:
 A = Turns spent in this place as a percentage of turns spent in the entire game.
 B = Non-inter-level travel turns spent in this place as a percentage of non-inter-level travel turns spent in the entire game.
 C = Inter-level travel turns spent in this place as a percentage of turns spent in this place.
 D = Turns resting spent in this place as a percentage of non-inter-level travel turns spent in this place.
 E = Turns spent auto-exploring this place as a percentage of non-inter-level travel turns spent in this place.
 F = Non-inter-level travel turns spent in this place divided by the number of levels of this place that you've seen.
                   A       B       C       D       E      F
               +-------+-------+-------+-------+-------+----------------------
         Total | 100.0 | 100.0 |   0.0 |  29.0 |  22.9 | 293.0
       Dungeon | 100.0 | 100.0 |   0.0 |  29.0 |  22.9 | 293.0
               +-------+-------+-------+-------+-------+----------------------

Vault maps used:
D:1:      dpeg_arrival_arbitrary_a
